 Dungeon Crawl Stone Soup version 0.31.0-32-g396128a36d (webtiles) character file.

Game seed: 5811467666825046947

412 TacoSundae the Ruffian (level 6, -9/29 HPs)
             Began as a Vine Stalker Shapeshifter on Apr 4, 2024.
             Mangled by an ogre
             ... wielding a +0 giant club
              (19 damage)
             ... on level 4 of the Dungeon.
             The game lasted 00:09:29 (2633 turns).

TacoSundae the Ruffian (Vine Stalker Shapeshifter)  Turns: 2633, Time: 00:09:30

Health: -9/29      AC:  3    Str: 17    XL:     6   Next: 90%
Magic:  0/7        EV: 12    Int: 10    God:
Gold:   203        SH:  5    Dex: 21    Spells: 5/5 levels left

rFire   . .          .
                       - Unarmed
rCold   . . .        (no shield)
rNeg    . . .        l - +0 leather armour
rPois   .            (helmet currently unavailable)
rElec   .            (cloak currently unavailable)
rCorr   .            (gloves currently unavailable)
SInv    .            (boots currently unavailable)
Will    .....        q - amulet "Gaz Qown" {Reflect +Inv SH+5}
Stlth   ++           t - +6 ring of dexterity
HPRegen 1.04/turn    (no ring)
MPRegen 0.10/turn

%: reflection, guardian spirit
@: beast-form
A: beast (slay +3), fangs 2, regeneration 1, magic shield, antimagic bite, no
potion heal 2
a: Begin Untransformation, Evoke Invisibility


You were on level 4 of the Dungeon.
You were a hulking beast.
You visited 1 branch of the dungeon, and saw 4 of its levels.

You collected 203 gold pieces.

Inventory:

Hand Weapons
 k - the +11 whip of Trog's Generosity {heavy, rPois}
   (You found it on level 2 of the Dungeon)

   rPois:     It protects you from poison
Armour
 f - a +0 helmet
 l - a +0 leather armour (worn)
Jewellery
 a - an amulet of magic regeneration
 q - the amulet "Gaz Qown" (around neck) {Reflect +Inv SH+5}
   (You found it on level 3 of the Dungeon)

   [amulet of reflection]

   Reflect:   It reflects blocked missile attacks.
   +Inv:      It lets you turn invisible.
   SH+5:      It affects your SH (+5).
 t - a +6 ring of dexterity (left hand)
Talismans
 c - a beast talisman
 d - a flux talisman
Scrolls
 g - a scroll of immolation
 h - 2 scrolls of poison
 j - a scroll of noise
Potions
 b - a potion of mutation {unknown}
 m - a potion of brilliance
 o - a potion of berserk rage {unknown}
 s - a potion of curing {unknown}


   Skills:
 - Level 0.8 Fighting
 - Level 1.5 Dodging
 * Level 5.7 Unarmed Combat
 * Level 5.3 Shapeshifting


You had 5 spell levels left.
You didn't know any spells.
Your spell library contained the following spells:

 Spells                   Type           Power      Damage    Failure   Level
 Ensorcelled Hibernation  Hex/Ice        0%         N/A       56%         2
 Passwall                 Erth           0%         N/A       80%         3
 Swiftness                Air            0%         N/A       80%         3


Dungeon Overview and Level Annotations

Branches:
Dungeon (4/15)
 Temple: D:4-7

Altars:
Dithmenos
Nemelex Xobeh
Zin


Innate Abilities, Weirdness & Mutations

You are a hulking beast.
Your limbs bulge with bestial killing power. (Slay +3)
You have extremely sharp teeth.
Your natural rate of healing is unusually fast.
When hurt, damage is shared between your health and your magic reserves.
Your bite disrupts and absorbs the magic of your enemies.
Potions cannot restore your health.


Message History

You open the door.
There is an open door here.
You now have 203 gold pieces (gained 9).
There is an open door here.
There is an open door here.
Found a stone staircase leading down.
Unknown command.
A hobgoblin comes into view.
The hobgoblin shouts!
You hear a shout!
An ogre comes into view. It is wielding a +0 giant club.
A jelly comes into view.
There is an open door here.
You hear a distant slurping noise.
You hit the hobgoblin.
The hobgoblin is almost dead.
The hobgoblin closely misses you.
You hit the hobgoblin.
You kill the hobgoblin!
You hear a distant slurping noise.
You punch the ogre! You bite the ogre. You drain its power.
The ogre is heavily wounded.
You block the ogre's attack.
You hear a distant slurping noise.
You barely miss the ogre.
The ogre is heavily wounded.
The ogre barely misses you.
You completely miss the ogre. Your bite misses the ogre.
The ogre is heavily wounded.
You punch the ogre! You bite the ogre! You drain its power.
The ogre is almost dead.
The ogre hits you with a +0 giant club!!
Ouch! That really hurt!
You are too injured to fight recklessly!
You closely miss the ogre. You bite the ogre, but do no damage.
The ogre is almost dead.
You hit the ogre but do no damage.
The ogre is almost dead.
The ogre hits you with a +0 giant club!!
Ouch! That really hurt!
You die...

#....#..##...# #...
#....#..##...# #...
#)...+...'...########...
#....#'###...#..........
#........##'##..........
#.......................
#.......................
#.............#######...
#......h).....'.....'...
#....##O#.....#.....#...
#....#..##)####.....#...
#....#..'....##.....#...
#....#..##..........#...
#....#..##..........#...
#....#......†##.....#...
#....#.......##.....####
#....#..............#


You could see an ogre.

Vanquished Creatures
  An ogre (D:4)
  A phantom (D:4)
  13 gnolls
  3 adders
  A dart slug (D:2)
  2 ribbon worms (D:2)
  7 orcs
  4 ball pythons
  2 endoplasms
  4 giant cockroaches
  8 goblins
  5 hobgoblins
  4 jackals (D:3)
  7 quokkas
  10 bats
  6 frilled lizards
  8 kobolds
  7 rats
93 creatures vanquished.

Notes
Turn   | Place    | Note
-------+----------+-------------------------------------------
     0 | D:1      | TacoSundae the Vine Stalker Shapeshifter began the quest
                  | for the Orb.
     0 | D:1      | Reached XP level 1. HP: 9/9 MP: 2/2
   141 | D:1      | Reached XP level 2. HP: 14/14 MP: 3/3
   533 | D:1      | Found a faded altar of an unknown god.
   620 | D:2      | Reached XP level 3. HP: 17/17 MP: 4/4
   626 | D:2      | Identified the +11 whip of Trog's Generosity {heavy, rPois}
   834 | D:2      | Found a glowing silver altar of Zin.
   855 | D:2      | Reached XP level 4. HP: 15/21 MP: 3/5
  1474 | D:3      | Identified the amulet "Gaz Qown" {Reflect +Inv SH+5}
  1490 | D:3      | Found a shadowy altar of Dithmenos.
  1497 | D:3      | Reached XP level 5. HP: 25/25 MP: 6/6
  1670 | D:3      | Found a sparkling altar of Nemelex Xobeh.
  2172 | D:4      | Noticed a phantom
  2356 | D:4      | Noticed an ogre
  2360 | D:4      | Killed a phantom
  2361 | D:4      | Reached skill level 5 in Unarmed Combat
  2361 | D:4      | Reached XP level 6. HP: 29/29 MP: 5/7
  2363 | D:4      | Reached skill level 5 in Shapeshifting
  2633 | D:4      | Mangled by an ogre

Illustrated notes

Levels and vault maps discovered:
D:1:      onia_arrival_mini_maze, layout_rooms,
          hellmonk_ecumenical_altar_zigzags
D:2:      wad_woods_stonehenge, layout_rooms, kennysheep_generic_room_16
D:3:      layout_loops_ring, mainiacjoe_overflow_small_starburst,
          grunt_dithmenos_smoke, corexii_item_surrounded_by_moat
D:4:      layout_gridville, trog_wizard

Skill      XL: |  1  2  3  4  5  6 |
---------------+-------------------+-----
Unarmed Combat | 4 5 |  5.7
Shapeshifting  | 4 5 |  5.3
Fighting       | |  0.8
Dodging        | |  1.5

Action                     |  1- 3 |  4- 6 || total
---------------------------+-------+-------++-------
  Melee: Unarmed           |    86 |   150 ||   236
         Bite              |    17 |    30 ||    47
         Punch             |     1 |     6 ||     7
    Use: Scroll            |       |    10 ||    10
         Potion            |       |     1 ||     1
   Stab: Sleeping          |     1 |     3 ||     4
 Armour: Animal skin       |    34 |       ||    34
         Leather armour    |    19 |    49 ||    68
         Skin              |       |     8 ||     8
  Dodge: Dodged            |    56 |    40 ||    96
  Block: Other             |       |     8 ||     8
